 Dungeon Sprint DCSS version bcrawl-1.29.2 (webtiles) character file.

Game seed: 1516810712998449528

202549 pasperui the Skirmisher (level 3, 0/49 HPs)
             Began as an Ent Wizard on Feb 18, 2021.
             Slain by a human (6 damage)
             ... in the Dungeon (Sprint III: "The Ten Rune Challenge").
             The game lasted 00:01:27 (183 turns).

pasperui the Skirmisher (Ent Wizard)                 Turns: 183, Time: 00:01:27

Health: 0/49       AC: 10    Str: 15    XL:     3   Next: 17%
Magic:  6/8        EV:  9    Int: 18    God:
Gold:   38         SH:  0    Dex:  8    Spells: 8/9 levels left

rFire    . . .     SeeInvis .   c - +0 club
rCold    . . .     Gourm    .   (no shield)
rNeg     + + +     Faith    .   (armour unavailable)
rPois    +         Spirit   .   b - +0 hat
rElec    .         Reflect  .   (no cloak)
rCorr    .         Harm     .   (gloves unavailable)
MR       .....     NoTele   +   (boots unavailable)
Stlth    ++........             (no amulet)
HPRegen  0.16/turn              (no ring)
MPRegen  0.11/turn              (no ring)

@: very slow
A: large, slow actions, passwall, negative energy resistance 3, poison
resistance, slow metabolism 1, torment resistance, unbreathing, AC +10
a: Passwall


You were in the Dungeon.
You were not hungry.

You visited 1 branch You collected 38 gold pieces.

Inventory:

Hand Weapons
 a - a +0 staff
 c - a +0 club (weapon)
Armour
 b - a +0 hat (worn)
Scrolls
 k - a scroll of blinking
Potions
 d - a potion of brilliance
 f - a potion of curing
 h - a potion of haste
 i - 2 potions of magic
 j - a potion of berserk rage
Comestibles
 e - a ration {!d}


   Skills:
 - Level 6.8 Fighting
 - Level 1.7 Dodging
 - Level 2.4 Stealth
 - Level 3.6 Spellcasting
 - Level 1.0 Conjurations
   Level 0.7 Summonings
   Level 0.7 Translocations


You had 8 spell levels left.
You knew the following spells:

 Your Spells              Type           Power        Failure   Level  Hunger
a - Magic Dart            Conj           #...         11%         1    None

Your spell library contained the following spells:

 Spells                   Type           Power        Failure   Level  Hunger
 Blink                    Tloc           N/A          17%         2    None
 Call Imp                 Summ           #.....       17%         2    None
 Conjure Flame            Conj/Fire      #.......     36%         3    ####...
 Mephitic Cloud           Conj/Pois/Air  #.......     38%         3    ####...
 Spider Form              Tmut/Pois      Unusable     N/A         3    N/A

Dungeon Overview and Level Annotations

Branches:
Dungeon (1/1)

Altars:


Innate Abilities, Weirdness & Mutations

You move and act slowly.
You can pass through walls and trees.
Your thick bark is tough. (AC +10)
You are too large for most types of armour.
You are immune to negative energy. (rN+++)
Your system is resistant to poisons. (rPois)
You have a slow metabolism.
You are immune to unholy pain and torment.
You can survive without breathing.


Message History

The human hits you but does no damage.
You hit the human but do no damage.
The human is severely wounded.
The human closely misses you. The human hits you but does no damage.
You hit the human.
The human is severely wounded.
The human hits you but does no damage. The human hits you.
* * * LOW HITPOINT WARNING * * *
You hit the human but do no damage.
The human is severely wounded.
The human hits you but does no damage. The human closely misses you.
You barely miss the human.
The human is severely wounded.
The human hits you.
* * * LOW HITPOINT WARNING * * *
The human barely misses you.
You closely miss the human.
The human is severely wounded.
The human hits you.
You die...

▓.....#
▓.....#...≈≈.♣♣♣
▓.....#..≈≈≈≈♣.♣
▓####'#..≈≈≈≈≈≈♣
▓.....#.≈≈≈≈≈≈..
▓.[...#.≈≈≈≈≈...
▓.....#.≈≈≈.....
▓'#####.........
▓.......@p......
▓▓▓▓▓▓▓▓▓▓▓▓▓▓▓▓


You could see a human.

Vanquished Creatures
  Jessica (D)
  2 oozes (D)
3 creatures vanquished.

Vanquished Creatures (others)
  3 plants (D)
3 creatures vanquished.

Grand Total: 6 creatures vanquished

Notes
Turn   | Place    | Note
-------+----------+-------------------------------------------
     0 | D        | pasperui the Ent Wizard began the quest for the Orb.
     0 | D        | Reached XP level 1. HP: 18/18 MP: 5/5
     9 | D        | Reached skill level 3 in Fighting
    17 | D        | Reached skill level 4 in Fighting
    17 | D        | Reached XP level 2. HP: 25/36 MP: 6/6
    53 | D        | Noticed Jessica
    75 | D        | Killed Jessica
    76 | D        | Reached skill level 6 in Fighting
    76 | D        | Reached XP level 3. HP: 26/49 MP: 8/8
   183 | D        | Slain by a human

Skill      XL: |  1  2 |
---------------+-------+-----
Fighting       | 4 6 |  6.8
Dodging        | |  1.7
Stealth        | |  2.4
Spellcasting   | |  3.6
Conjurations   | |  1.0
Summonings     | |  0.7
Translocations | |  0.7

Action                   || total
-------------------------++-------
Melee: Staff             ||    33
       Club              ||    28
 Cast: Magic Dart        ||     8
  Use: Potion            ||     1
Armor: Skin              ||    44
Dodge: Dodged            ||    41
